 Dungeon Crawl Stone Soup version 0.15.0-22-g71df38d (webtiles) character file.

1789 DrPain the Basher (level 8, -7/96 HPs)
             Began as a Minotaur Berserker on Sept 7, 2014.
             Was a High Priest of Trog.
             Mangled by an orc warrior
             ... wielding a +0 glaive
              (13 damage)
             ... on Level 7 of the Dungeon.
             The game lasted 00:13:48 (5720 turns).

DrPain the Basher (Minotaur Berserker)              Turns: 5720, Time: 00:13:48

HP  -7/96        AC 12     Str 26      XL: 8   Next: 82%
MP   3/3         EV  8     Int  4      God: Trog [*****.]
Gold 299         SH  0     Dex 13      Spells:  0 memorised,  7 levels left

rFire  . . .     SeeInvis .     J - +0 morningstar (crush) (curse)
rCold  . . .     Clarity  .     v - +0 chain mail
rNeg   . . .     rCorr    .     (no shield)
rPois  .         rRot     .     (helmet restricted)
rElec  .         Spirit   .     b - +0 cloak
SustAb .         Warding  .     Q - +1 pair of gloves
rMut   .         Stasis   .     (no boots)
Gourm  .                        k - amulet of faith
MR     .....                    (no ring)
                                (no ring)

@: berserking, very quick, not resistant to hostile enchantments, extremely
unstealthy
A: retaliatory headbutt, horns 2
a: Burn Spellbooks, Berserk, Trog's Hand, Brothers in Arms, Renounce Religion


You were on level 7 of the Dungeon.
You worshipped Trog.
Trog was extremely pleased with you.
You were not hungry.

You visited 1 branch of the dungeon, and saw 7 of its levels.

You collected 369 gold pieces.
You spent 70 gold pieces at shops.

Inventory:

Hand weapons
 C - a +2 whip of freezing
 J - a cursed +0 morningstar of crushing (weapon)
Missiles
 n - 133 arrows
 G - 7 poisoned javelins (quivered)
Armour
 b - a +0 cloak (worn)
 v - a +0 chain mail (worn)
 Q - a +1 pair of gloves (worn)
Magical devices
 B - a wand of magic darts (7)
Comestibles
 c - 5 bread rations
 o - 2 beef jerkies
 t - 2 slices of pizza
 u - 2 meat rations
 O - a rotting chunk of goblin flesh
Scrolls
 d - a scroll of fear {unknown}
 e - 2 scrolls of noise {unknown}
 f - 10 scrolls of identify {unknown}
 h - a scroll of fog {unknown}
 i - a scroll of recharging {unknown}
 l - 2 scrolls of enchant armour {unknown}
 m - 3 scrolls of remove curse {unknown}
 r - 2 scrolls of teleportation {unknown}
 K - a scroll of amnesia {unknown}
 L - a scroll of blinking {unknown}
 M - a scroll of magic mapping {unknown}
 N - a scroll of enchant weapon {unknown}
Jewellery
 a - an uncursed amulet of resist corrosion
 k - an amulet of faith (around neck)
 s - an uncursed ring of flight {unknown}
 y - a cursed ring of teleportation {unknown}
 H - an uncursed ring of protection from magic {unknown}
Potions
 g - 4 potions of curing
 j - 2 potions of might {unknown}
 p - a potion of haste {unknown}
 q - 2 potions of restore abilities {unknown}
 w - a potion of degeneration {unknown}
 x - 3 potions of agility {unknown}
 z - 2 potions of heal wounds
 A - a potion of invisibility {unknown}
 D - 4 potions of cancellation {unknown}
 F - a potion of cure mutation {unknown}
 I - 2 potions of berserk rage {unknown}
 P - a potion of lignification {unknown}


   Skills:
 - Level 3.6 Fighting
 + Level 13.5 Maces & Flails
 - Level 2.4 Armour
 - Level 2.1 Dodging


You had 7 spell levels left.
You didn't know any spells.

Dungeon Overview and Level Annotations

Branches:
Dungeon (7/15)             Temple (0/1) D:6

Altars:
Cheibriados
Sif Muna
Yredelemnul

Shops:
D:4 !


Innate Abilities, Weirdness & Mutations

You reflexively headbutt those who attack you in melee.
You have a pair of horns on your head.


Message History

The orc warrior hits you with a glaive!
* * * LOW HITPOINT WARNING * * *
You continue eating.
The orc warrior hits you but does no damage.
You continue eating.
You finish eating.
That meat ration really hit the spot!
Use which ability? (? or * to list)
A red film seems to cover your vision as you go berserk!
You feel yourself moving faster!
You feel mighty!
The orc warrior hits you but does no damage.
The orc closely misses you.
You are too injured to fight recklessly!
You are too injured to fight recklessly!
You are too injured to fight recklessly!
You are too injured to fight recklessly!
You are too injured to fight recklessly!
Your chain mail prevents you from hitting the orc warrior.
The orc warrior is almost dead.
The orc barely misses you. The orc warrior hits you with a glaive!
You die...

#.# ######. #.# .#
#...... ##.##.##
#......
##........####......
#......#............
#......#.####......)
#.....# #.......
#..o###.####.......
#@o....##.....####
#)#######.....#
##.## #.....####
#(#.# #.........
##..# #.....#..#
##.# #####.#...
#.##### #.#..#
#.#...# ###....#
#.#...####......#


You could see an orc warrior and an orc.

Vanquished Creatures
  Pikel (D:4)
  A sky beast (D:7)
  2 ice beasts (D:6)
  An ogre (D:6)
  A giant frog (D:6)
  A scorpion (D:6)
  5 wights (D:6)
  A crimson imp (D:6)
  4 hounds
  3 iguanas
  3 orc wizards
  3 worker ants
  8 adders
  A shadow imp (D:6)
  4 worms
  5 giant geckos
  An ooze (D:4)
  21 orcs
  15 hobgoblins
  22 jackals
  9 bats
  6 giant cockroaches
  3 giant newts
  11 goblins
  A goblin zombie (D:5)
  10 kobolds
  A kobold zombie (D:6)
  A quokka (D:2)
  5 rats
  A spectral orc (D:4)
151 creatures vanquished.

Notes
Turn   | Place    | Note
--------------------------------------------------------------
     0 | D:1      | DrPain, the Minotaur Berserker, began the quest for the Orb.
     0 | D:1      | Reached XP level 1. HP: 19/19 MP: 1/1
   231 | D:1      | Reached skill level 4 in Maces & Flails
   273 | D:1      | Reached XP level 2. HP: 21/26 MP: 1/1
   706 | D:1      | Acquired Trog's second power
   951 | D:1      | Reached skill level 5 in Maces & Flails
  1081 | D:2      | Reached XP level 3. HP: 29/31 MP: 2/2
  1494 | D:2      | Reached XP level 4. HP: 39/39 MP: 2/2
  1593 | D:2      | Reached skill level 6 in Maces & Flails
  2066 | D:3      | Reached skill level 7 in Maces & Flails
  2066 | D:3      | Reached XP level 5. HP: 11/45 MP: 2/2
  2355 | D:3      | Found a deep blue altar of Sif Muna.
  2565 | D:3      | Acquired Trog's third power
  2939 | D:4      | Found a basalt altar of Yredelemnul.
  2964 | D:4      | Found Wuihuunt's Distillery.
  2974 | D:4      | Bought a potion of curing for 28 gold pieces
  2974 | D:4      | Bought a potion of heal wounds for 42 gold pieces
  3094 | D:4      | Noticed Pikel
  3094 | D:4      | Noticed a slave
  3095 | D:4      | Noticed a slave
  3095 | D:4      | Noticed a slave
  3096 | D:4      | Noticed a slave
  3110 | D:4      | Killed Pikel
  3110 | D:4      | Reached skill level 10 in Maces & Flails
  3110 | D:4      | Reached XP level 6. HP: 34/51 MP: 3/3
  3110 | D:4      | Reached XP level 7. HP: 38/57 MP: 3/3
  3563 | D:5      | Entered Level 5 of the Dungeon
  3803 | D:5      | Received a gift from Trog
  4256 | D:6      | Reached skill level 11 in Maces & Flails
  4262 | D:6      | Reached XP level 8. HP: 21/64 MP: 3/3
  4611 | D:6      | Found a snail-covered altar of Cheibriados.
  4768 | D:6      | Reached skill level 12 in Maces & Flails
  5189 | D:6      | Found a staircase to the Ecumenical Temple.
  5380 | D:6      | Reached skill level 13 in Maces & Flails
  5716 | D:7      | HP: 3/64 [orc warrior/glaive (9)]
  5720 | D:7      | Mangled by an orc warrior

Action                   |  1- 3 |  4- 6 |  7- 9 || total
-------------------------+-------+-------+-------++-------
Melee: Mace              |    72 |    61 |       ||   133
       Morningstar       |       |    80 |   114 ||   194
       Whip              |       |       |    48 ||    48
Invok: Berserk           |       |     3 |     2 ||     5
       Burn Spellbooks   |       |       |     2 ||     2
  Eat: Chunk             |     1 |     4 |     3 ||     8
       Bread ration      |       |     1 |     1 ||     2
       Pizza             |       |       |     1 ||     1
       Meat ration       |       |       |     1 ||     1
